Royaux vs Wolfes
(R1)
Created - December 25, 2020 at 19:41
Goals
|
| Royaux |
0 |
3 |
3 |
6 |
| Wolfes |
0 |
1 |
0 |
1 |
|
Shots
|
| Royaux |
9 |
14 |
15 |
38 |
| Wolfes |
11 |
9 |
9 |
29 |
|
1st period
No Goal
Penalties :
Sonny Milano (Cap) for Holding (Minor) at 8:39, Blake Pietila (RIM) for Tripping (Minor) at 12:27, Benn Ferriero (RIM) for Tripping (Minor) at 16:43, Ben Hanowski (Cap) for Charging (Minor) at 17:31, Jeffrey Foss (RIM) for Holding Stick (Minor) at 18:33
2nd period
1. Royaux , Kasperi Kapanen 7 (Simon Despres 12, Jordie Benn 9) at 9:05
2. Royaux , Dylan Larkin 20 (Simon Despres 13) at 13:58
3. Royaux , Dylan Larkin 21 (Tye McGinn 22, Travis Sanheim 9) at 16:25
4. Wolfes , Lawson Crouse 14 (Alexandre Grenier 18, Jakub Zboril 3) at 18:17
Penalties :
Martin Hanzal (RIM) for Interference (Minor) at 1:00, Joe Morrow (RIM) for Interference (Minor) at 3:47, Sebastian Aho (RIM) for Hooking (Minor) at 5:33, Jordie Benn (Cap) for Hooking (Minor) at 10:12
3rd period
5. Royaux , Tye McGinn 17 (Dylan Larkin 23, Ben Hanowski 16) at 1:40
6. Royaux , Brendan Woods 6 (Marcus Pettersson 14, Travis Sanheim 10) at 5:06
7. Royaux , Mathieu Joseph 3 (Brendan Woods 5, Simon Despres 14) at 16:55
Penalties :
Alexandre Grenier (RIM) for Hooking (Minor) at 6:16
Goalie Stats
Olivier Roy (Cap), 28 saves from 29 shots - (0.966), W, 6-4-1, 60:00 minutes
Ebbe Siönäs (RIM), 32 saves from 38 shots - (0.842), L, 4-3-1, 60:00 minutes
Players Stats for Royaux
Player Name G A P +/- PIM S H SB GA TA FO MP PP MP PK MP
------------------------------------------------------------------------------------
Ben Hanowski 0 1 1 3 2 2 2 1 2 1 0/1 21:34 6:12 1:03
Brandon Pirri 0 0 0 1 0 2 1 0 0 0 0/0 18:38 4:56 0:41
Brendan Woods 1 1 2 2 0 1 0 0 0 0 1/1 7:48 0:00 2:07
Danny Kristo 0 0 0 -1 0 0 2 0 0 0 0/0 9:25 0:05 0:00
Dylan Larkin 2 1 3 3 0 14 4 0 0 1 15/31 21:18 6:08 0:00
Ian McCoshen 0 0 0 1 0 0 0 3 0 0 0/0 9:43 0:00 1:50
Jordie Benn 0 1 1 0 2 0 1 1 1 1 0/0 21:40 6:50 0:59
Kasperi Kapanen 1 0 1 1 0 3 2 0 0 0 0/0 19:24 5:01 0:58
Marcus Pettersson 0 1 1 0 0 1 2 1 1 0 0/0 26:21 6:50 1:07
Mathieu Joseph 1 0 1 2 0 1 1 0 0 0 0/0 6:38 0:23 0:00
Phil Oreskovic 0 0 0 1 0 1 0 0 0 0 0/0 19:05 4:22 1:50
Riley Armstrong 0 0 0 1 0 3 3 0 0 1 4/15 20:01 4:56 2:04
Rourke Chartier 0 0 0 -1 0 2 0 0 0 0 4/8 9:53 0:23 0:00
Simon Despres 0 3 3 4 0 1 2 2 0 1 0/0 20:18 0:20 2:08
Sonny Milano 0 0 0 -1 2 1 0 1 0 0 0/0 10:31 0:23 0:00
Travis Sanheim 0 2 2 4 0 0 0 0 1 0 0/0 22:57 4:42 0:02
Tye McGinn 1 1 2 3 0 6 2 0 1 0 2/4 23:05 6:08 1:03
Vladislav Namestnikov 0 0 0 2 0 0 0 0 0 0 0/3 5:41 0:00 0:00
Players Stats for Wolfes
Player Name G A P +/- PIM S H SB GA TA FO MP PP MP PK MP
------------------------------------------------------------------------------------
Alexandre Grenier 0 1 1 -1 2 2 0 3 1 0 1/4 15:14 2:01 0:02
Anton Lindholm 0 0 0 -2 0 1 3 4 0 1 0/0 25:38 1:35 6:40
Benn Ferriero 0 0 0 -2 2 3 0 0 0 1 1/1 15:11 0:00 5:31
Blake Pietila 0 0 0 -2 2 4 2 0 1 1 0/0 16:51 1:57 0:47
Damon Severson 0 0 0 -2 0 2 2 2 1 1 0/0 25:18 1:35 7:05
Eric Robinson 0 0 0 -2 0 1 0 0 1 0 1/1 9:31 0:00 0:10
Fredrik Olofsson 0 0 0 0 0 1 1 0 0 0 0/0 6:51 0:00 0:00
Jakub Zboril 0 1 1 -2 0 0 1 0 0 0 0/0 10:41 0:00 0:00
Jamie Oleksiak 0 0 0 -1 0 3 0 1 0 1 0/0 23:42 2:23 5:01
Jeffrey Foss 0 0 0 -2 2 0 0 1 0 0 0/0 12:08 0:00 1:08
Joe Morrow 0 0 0 -1 2 2 2 0 0 0 0/0 23:04 2:23 3:55
Kyle Rau 0 0 0 -2 0 4 1 0 0 0 7/8 16:02 2:01 2:49
Lawson Crouse 1 0 1 -1 0 1 6 1 0 0 0/1 18:38 1:54 4:29
Martin Hanzal 0 0 0 -1 2 2 2 0 1 0 8/12 15:35 0:00 2:36
Matthew Highmore 0 0 0 0 0 1 0 0 0 0 1/3 7:51 0:07 0:32
Max Friberg 0 0 0 -2 0 0 1 1 0 0 0/1 15:14 1:57 0:00
Sebastian Aho 0 0 0 -2 2 1 1 0 0 1 15/29 21:28 1:57 5:36
Victor Olofsson 0 0 0 0 0 1 0 1 0 0 3/3 7:03 0:00 0:00
3 Stars
1 - Dylan Larkin (Cap)
2 - Simon Despres (Cap)
3 - Tye McGinn (Cap)
Power Play
Royaux - 0 on 7 Attempt(s) - 0.00%
Wolfes - 0 on 3 Attempt(s) - 0.00%
Penalty Kill
Royaux - 3 on 3 Attempt(s) - 100.00%
- Score 0 goal in Penalty Kill
Wolfes - 7 on 7 Attempt(s) - 100.00%
- Score 0 goal in Penalty Kill
Team Stat
Royaux - Hits : 22 - Faceoff Wins : 26 - Blocked Shots : 9 - Penalty Minutes : 6
Wolfes - Hits : 22 - Faceoff Wins : 37 - Blocked Shots : 14 - Penalty Minutes : 14
Official
Referees : Unknown
Linesman : Unknown
Game Notes
No Game Note
Finance
Level 1 -- Attendance: 1325 (66.25%) -- Ticket Income $53,000
Level 2 -- Attendance: 708 (70.80%) -- Ticket Income $14,160
Total Attendance: 2033 (67.77%)
Total Ticket Income: $67,160
Other Income: $3,358
Total Income: $70,518
Royaux
5 vs 5 Forward
Center Left Wing Right Wing Time % Phy DF OF
1 Dylan Larkin Tye McGinn Ben Hanowski 35 0 2 3
2 Riley Armstrong Brandon Pirri Kasperi Kapanen 35 0 2 3
3 Rourke Chartier Sonny Milano Danny Kristo 20 0 2 3
4 Vladislav Namestnikov Brendan Woods Mathieu Joseph 10 0 3 2
5 vs 5 Defense
Defense Defense Time % Phy DF OF
1 Travis Sanheim Simon Despres 35 0 3 2
2 Jordie Benn Marcus Pettersson 35 0 3 2
3 Ian McCoshen Phil Oreskovic 15 0 3 2
4 Marcus Pettersson Phil Oreskovic 15 0 3 2
PowerPlay Forward
Center Left Wing Right Wing Time % Phy DF OF
1 Dylan Larkin Tye McGinn Ben Hanowski 60 0 1 4
2 Riley Armstrong Brandon Pirri Kasperi Kapanen 40 0 1 4
PowerPlay Defense
Defense Defense Time % Phy DF OF
1 Jordie Benn Marcus Pettersson 60 0 2 3
2 Phil Oreskovic Travis Sanheim 40 0 2 3
Penalty Kill 4 Players Forward
Center Wing Time % Phy DF OF
1 Riley Armstrong Brendan Woods 60 0 4 1
2 Ben Hanowski Tye McGinn 40 0 4 1
Penalty Kill 4 Players Defense
Defense Defense Time % Phy DF OF
1 Jordie Benn Simon Despres 60 1 2 2
2 Phil Oreskovic Ian McCoshen 40 1 2 2
Penalty Kill - 3 Players Forward
Forward Time % Phy DF OF
1 Brendan Woods 60 0 4 1
2 Danny Kristo 40 0 4 1
Penalty Kill - 3 Players Defense
Defense Defense Time % Phy DF OF
1 Jordie Benn Simon Despres 60 1 2 2
2 Phil Oreskovic Ian McCoshen 40 1 2 2
4 vs 4 Forward
Center Wing Time % Phy DF OF
1 Dylan Larkin Tye McGinn 60 0 2 3
2 Ben Hanowski Kasperi Kapanen 40 0 2 3
4 vs 4 Defense
Defense Defense Time % Phy DF OF
1 Travis Sanheim Simon Despres 60 0 3 2
2 Marcus Pettersson Jordie Benn 40 0 3 2
Last Minutes Offensive
Center Left Wing Right Wing Defense Defense
Dylan Larkin Tye McGinn Ben Hanowski Marcus Pettersson Travis Sanheim
Last Minutes Defensive
Center Left Wing Right Wing Defense Defense
Riley Armstrong Brendan Woods Tye McGinn Phil Oreskovic Simon Despres
Goaltenders
Starting : Olivier Roy
Backup : Igor Shesterkin
Extra Forwards
Normal : Dylan Larkin, Kasperi Kapanen, Danny Kristo - PP : Sonny Milano, Rourke Chartier - PK : Kasperi Kapanen
Extra Defensemen
Normal : Travis Sanheim, Marcus Pettersson, Phil Oreskovic - PP : Simon Despres - PK : Marcus Pettersson, Travis Sanheim
Penalty Shots
Dylan Larkin, Rourke Chartier, Danny Kristo, Sonny Milano, Ben Hanowski
Scratches
Garrett Wilson (Healthy), Troy Terry (Healthy), Tanner Kero (Healthy), Greg McKegg (Healthy), Nikita Pavlychev (Healthy)
Konrad Abeltshauser (Healthy), Dylan DeMelo (Healthy), Tomas Hyka (Healthy), Ryan Pulock (Torso Injury), Michael Bunting (Healthy)
Ryan Mantha (Healthy), Jack Ramsey (Healthy), Marcus Hogberg (Healthy)
Wolfes
5 vs 5 Forward
Center Left Wing Right Wing Time % Phy DF OF
1 Sebastian Aho Blake Pietila Max Friberg 31 1 2 2
2 Martin Hanzal Lawson Crouse Alexandre Grenier 30 1 2 2
3 Kyle Rau Eric Robinson Benn Ferriero 23 1 2 2
4 Matthew Highmore Fredrik Olofsson Victor Olofsson 16 1 2 2
5 vs 5 Defense
Defense Defense Time % Phy DF OF
1 Jamie Oleksiak Joe Morrow 38 1 2 2
2 Anton Lindholm Damon Severson 38 1 2 2
3 Jeffrey Foss Jakub Zboril 24 1 2 2
4 Jamie Oleksiak Jakub Zboril 0 1 2 2
PowerPlay Forward
Center Left Wing Right Wing Time % Phy DF OF
1 Sebastian Aho Blake Pietila Max Friberg 50 1 2 2
2 Kyle Rau Lawson Crouse Alexandre Grenier 50 1 2 2
PowerPlay Defense
Defense Defense Time % Phy DF OF
1 Jamie Oleksiak Joe Morrow 50 1 2 2
2 Damon Severson Anton Lindholm 50 1 2 2
Penalty Kill 4 Players Forward
Center Wing Time % Phy DF OF
1 Sebastian Aho Benn Ferriero 60 1 2 2
2 Martin Hanzal Lawson Crouse 40 1 2 2
Penalty Kill 4 Players Defense
Defense Defense Time % Phy DF OF
1 Damon Severson Anton Lindholm 60 1 2 2
2 Joe Morrow Jamie Oleksiak 40 1 2 2
Penalty Kill - 3 Players Forward
Forward Time % Phy DF OF
1 Martin Hanzal 60 1 2 2
2 Alexandre Grenier 40 1 2 2
Penalty Kill - 3 Players Defense
Defense Defense Time % Phy DF OF
1 Jamie Oleksiak Anton Lindholm 60 1 2 2
2 Joe Morrow Damon Severson 40 1 2 2
4 vs 4 Forward
Center Wing Time % Phy DF OF
1 Alexandre Grenier Kyle Rau 60 1 2 2
2 Blake Pietila Benn Ferriero 40 1 2 2
4 vs 4 Defense
Defense Defense Time % Phy DF OF
1 Anton Lindholm Joe Morrow 60 1 2 2
2 Jeffrey Foss Jakub Zboril 40 1 2 2
Last Minutes Offensive
Center Left Wing Right Wing Defense Defense
Sebastian Aho Lawson Crouse Alexandre Grenier Jamie Oleksiak Joe Morrow
Last Minutes Defensive
Center Left Wing Right Wing Defense Defense
Martin Hanzal Blake Pietila Max Friberg Anton Lindholm Damon Severson
Goaltenders
Starting : Ebbe Siönäs
Backup : Laurent Brossoit
Extra Forwards
Normal : Matthew Highmore, Victor Olofsson, Eric Robinson - PP : Lawson Crouse, Matthew Highmore - PK : Benn Ferriero
Extra Defensemen
Normal : Jeffrey Foss, Jakub Zboril, Joe Morrow - PP : Anton Lindholm - PK : Jamie Oleksiak, Jeffrey Foss
Penalty Shots
Sebastian Aho, Lawson Crouse, Benn Ferriero, Max Friberg, Kyle Rau
Scratches
Kevin Stenlund (Healthy), Zachary Senyshyn (Healthy), Thomas Spelling (Healthy), Louis Belpedio (Healthy), Cameron Darcy (Healthy)
Michael Stone (Healthy), Nolan Vesey (Healthy), Vaclav Karabacek (Healthy), Kyle Pettit (Healthy), Dylan Sadowy (Healthy)
Anton Karlsson (Healthy)
% Time on Ice - Royaux
Lines # - Real PCT - Wanted PCT - Time Play
Normal Forward
1 - 33% - 35% - 14:09
2 - 32% - 35% - 13:45
3 - 21% - 20% - 8:56
4 - 13% - 10% - 5:41
Normal Defense
1 - 37% - 35% - 15:50
2 - 38% - 35% - 16:02
3 - 14% - 15% - 6:02
4 - 11% - 15% - 4:37
PP Forward
1 - 57% - 60% - 6:31
2 - 43% - 40% - 5:01
PP Defense
1 - 62% - 60% - 7:10
2 - 38% - 40% - 4:22
PK Forward
1 - 74% - 60% - 2:55
2 - 26% - 40% - 1:03
PK Defense
1 - 54% - 60% - 2:08
2 - 46% - 40% - 1:50
PK3 Forward
1 - 0% - 60%
2 - 0% - 40%
PK3 Defense
1 - 0% - 60%
2 - 0% - 40%
44 Forward
1 - 80% - 60% - 1:35
2 - 20% - 40% - 0:24
44 Defense
1 - 71% - 60% - 1:25
2 - 29% - 40% - 0:34
Last Minute Offensive - 0:00
Last Minute Defensive - 0:00
Total
Forward - 60:00
Defense - 60:00
|
% Time on Ice - Wolfes
Lines # - Real PCT - Wanted PCT - Time Play
Normal Forward
1 - 32% - 31% - 13:25
2 - 30% - 30% - 12:55
3 - 22% - 23% - 9:20
4 - 16% - 16% - 6:51
Normal Defense
1 - 38% - 38% - 16:14
2 - 38% - 38% - 16:05
3 - 23% - 24% - 9:50
4 - 1% - 0% - 0:22
PP Forward
1 - 49% - 50% - 1:57
2 - 51% - 50% - 2:01
PP Defense
1 - 60% - 50% - 2:23
2 - 40% - 50% - 1:35
PK Forward
1 - 73% - 60% - 8:19
2 - 27% - 40% - 3:00
PK Defense
1 - 64% - 60% - 7:17
2 - 36% - 40% - 4:02
PK3 Forward
1 - 100% - 60% - 0:22
2 - 0% - 40% - 0:00
PK3 Defense
1 - 100% - 60% - 0:22
2 - 0% - 40% - 0:00
44 Forward
1 - 86% - 60% - 1:35
2 - 14% - 40% - 0:15
44 Defense
1 - 74% - 60% - 1:21
2 - 26% - 40% - 0:29
Last Minute Offensive - 0:00
Last Minute Defensive - 0:00
Total
Forward - 60:00
Defense - 60:00
|
Play-by-Play
1st period
0:01 of 1st period - Sebastian Aho wins face-off versus Dylan Larkin in neutral zone.
1:33 of 1st period - Snap shot by Tye McGinn.
1:33 of 1st period - Stopped by Ebbe Siönäs without a rebound.
1:34 of 1st period - Martin Hanzal wins face-off versus Dylan Larkin in Wolfes zone.
2:01 of 1st period - Alexandre Grenier is hit by Dylan Larkin and loses puck.
2:22 of 1st period - Tye McGinn is hit by Martin Hanzal and loses puck.
2:34 of 1st period - Backhand shot by Martin Hanzal.
2:34 of 1st period - Shot Misses the Net.
2:36 of 1st period - Wrist shot by Martin Hanzal.
2:36 of 1st period - Deflect By Alexandre Grenier.
2:36 of 1st period - Shot Blocked by Ben Hanowski.
2:36 of 1st period - Puck is out of play.
2:37 of 1st period - Sebastian Aho wins face-off versus Riley Armstrong in Royaux zone.
2:46 of 1st period - Snap shot by Sebastian Aho.
2:46 of 1st period - Deflect By Phil Oreskovic.
2:46 of 1st period - Stopped by Olivier Roy with a rebound.
2:48 of 1st period - Snap shot by Blake Pietila.
2:48 of 1st period - Shot Misses the Net.
2:50 of 1st period - Slapshot by Damon Severson.
2:50 of 1st period - Deflect By Phil Oreskovic.
2:50 of 1st period - Stopped by Olivier Roy with a rebound.
2:52 of 1st period - Slapshot by Damon Severson.
2:52 of 1st period - Stopped by Olivier Roy without a rebound.
2:53 of 1st period - Rourke Chartier wins face-off versus Kyle Rau in Royaux zone.
3:42 of 1st period - Snap shot by Victor Olofsson.
3:42 of 1st period - Deflect By Phil Oreskovic.
3:42 of 1st period - Shot Misses the Net.
3:42 of 1st period - Puck is out of play.
3:43 of 1st period - Kyle Rau wins face-off versus Vladislav Namestnikov in Royaux zone.
4:08 of 1st period - Anton Lindholm is hit by Danny Kristo and loses puck.
4:21 of 1st period - Snap shot by Danny Kristo.
4:21 of 1st period - Shot Misses the Net.
6:44 of 1st period - Wrist shot by Brendan Woods.
6:44 of 1st period - Shot Blocked by Anton Lindholm.
6:46 of 1st period - Slapshot by Jordie Benn.
6:46 of 1st period - Shot Misses the Net.
6:48 of 1st period - Slapshot by Marcus Pettersson.
6:48 of 1st period - Deflect By Vladislav Namestnikov.
6:48 of 1st period - Shot Blocked by Alexandre Grenier.
6:48 of 1st period - Puck is out of play.
6:49 of 1st period - Dylan Larkin wins face-off versus Sebastian Aho in Wolfes zone.
6:52 of 1st period - Snap shot by Tye McGinn.
6:52 of 1st period - Stopped by Ebbe Siönäs with a rebound.
6:54 of 1st period - Wrist shot by Dylan Larkin.
6:54 of 1st period - Stopped by Ebbe Siönäs without a rebound.
6:55 of 1st period - Sebastian Aho wins face-off versus Dylan Larkin in Wolfes zone.
7:08 of 1st period - Snap shot by Dylan Larkin.
7:08 of 1st period - Stopped by Ebbe Siönäs without a rebound.
7:09 of 1st period - Kyle Rau wins face-off versus Dylan Larkin in Wolfes zone.
7:09 of 1st period - Kyle Rau is hit by Marcus Pettersson.
7:21 of 1st period - Snap shot by Dylan Larkin.
7:21 of 1st period - Shot Misses the Net.
7:37 of 1st period - Snap shot by Blake Pietila.
7:37 of 1st period - Stopped by Olivier Roy without a rebound.
7:38 of 1st period - Sebastian Aho wins face-off versus Rourke Chartier in Royaux zone.
7:43 of 1st period - Wrist shot by Blake Pietila.
7:43 of 1st period - Stopped by Olivier Roy with a rebound.
7:45 of 1st period - Slapshot by Damon Severson.
7:45 of 1st period - Shot Misses the Net.
7:47 of 1st period - Wrist shot by Anton Lindholm.
7:47 of 1st period - Stopped by Olivier Roy with a rebound.
7:49 of 1st period - Slapshot by Damon Severson.
7:49 of 1st period - Deflect By Blake Pietila.
7:49 of 1st period - Shot Blocked by Ian McCoshen.
7:49 of 1st period - Puck is out of play.
7:50 of 1st period - Martin Hanzal wins face-off versus Riley Armstrong in Royaux zone.
7:59 of 1st period - Wrist shot by Riley Armstrong.
7:59 of 1st period - Stopped by Ebbe Siönäs with a rebound.
8:17 of 1st period - Damon Severson is hit by Dylan Larkin and loses puck.
8:28 of 1st period - Wrist shot by Dylan Larkin.
8:28 of 1st period - Stopped by Ebbe Siönäs without a rebound.
8:29 of 1st period - Rourke Chartier wins face-off versus Matthew Highmore in Wolfes zone.
8:30 of 1st period - Snap shot by Danny Kristo.
8:30 of 1st period - Deflect By Rourke Chartier.
8:30 of 1st period - Shot Misses the Net.
8:30 of 1st period - Puck is out of play.
8:31 of 1st period - Matthew Highmore wins face-off versus Rourke Chartier in Wolfes zone.
8:39 of 1st period - Minor Penalty to Sonny Milano for Holding.
8:40 of 1st period - Sebastian Aho wins face-off versus Riley Armstrong in Royaux zone.
10:39 of 1st period - Penalty to Sonny Milano is over, Sonny Milano is back on ice.
10:59 of 1st period - Ian McCoshen is hit by Fredrik Olofsson and loses puck.
11:23 of 1st period - Wrist shot by Vladislav Namestnikov.
11:23 of 1st period - Shot Misses the Net.
12:27 of 1st period - Minor Penalty to Blake Pietila for Tripping.
12:28 of 1st period - Dylan Larkin wins face-off versus Sebastian Aho in Wolfes zone.
12:29 of 1st period - Wrist shot by Tye McGinn.
12:29 of 1st period - Stopped by Ebbe Siönäs without a rebound.
12:30 of 1st period - Sebastian Aho wins face-off versus Dylan Larkin in Wolfes zone.
12:45 of 1st period - Wrist shot by Tye McGinn.
12:45 of 1st period - Shot Misses the Net.
13:01 of 1st period - Slapshot by Riley Armstrong.
13:01 of 1st period - Stopped by Ebbe Siönäs with a rebound.
13:03 of 1st period - Slapshot by Jordie Benn.
13:03 of 1st period - Shot Blocked by Damon Severson.
13:05 of 1st period - Snap shot by Riley Armstrong.
13:05 of 1st period - Shot Blocked by Anton Lindholm.
13:25 of 1st period - Travis Sanheim is hit by Damon Severson and loses puck.
14:27 of 1st period - Penalty to Blake Pietila is over, Blake Pietila is back on ice.
14:53 of 1st period - Phil Oreskovic is hit by Blake Pietila and loses puck.
15:04 of 1st period - Phil Oreskovic is hit by Lawson Crouse and loses puck.
15:20 of 1st period - Brendan Woods is hit by Jakub Zboril and loses puck.
16:11 of 1st period - Marcus Pettersson is hit by Blake Pietila and loses puck.
16:36 of 1st period - Eric Robinson is hit by Simon Despres and loses puck.
16:43 of 1st period - Minor Penalty to Benn Ferriero for Tripping.
16:44 of 1st period - Sebastian Aho wins face-off versus Dylan Larkin in Wolfes zone.
16:53 of 1st period - Lawson Crouse is hit by Marcus Pettersson.
17:15 of 1st period - Snap shot by Kasperi Kapanen.
17:15 of 1st period - Shot Misses the Net.
17:21 of 1st period - Slapshot by Brandon Pirri.
17:21 of 1st period - Stopped by Ebbe Siönäs with a rebound.
17:31 of 1st period - Minor Penalty to Ben Hanowski for Charging.
17:32 of 1st period - Alexandre Grenier wins face-off versus Dylan Larkin in Royaux zone.
17:39 of 1st period - Snap shot by Alexandre Grenier.
17:39 of 1st period - Stopped by Olivier Roy with a rebound.
17:45 of 1st period - Slapshot by Kyle Rau.
17:45 of 1st period - Stopped by Olivier Roy with a rebound.
17:47 of 1st period - Wrist shot by Alexandre Grenier.
17:47 of 1st period - Shot Misses the Net.
17:49 of 1st period - Wrist shot by Alexandre Grenier.
17:49 of 1st period - Deflect By Kyle Rau.
17:49 of 1st period - Stopped by Olivier Roy with a rebound.
18:19 of 1st period - Snap shot by Blake Pietila.
18:19 of 1st period - Deflect By Matthew Highmore.
18:19 of 1st period - Shot Misses the Net.
18:19 of 1st period - Puck is out of play.
18:20 of 1st period - Tye McGinn wins face-off versus Alexandre Grenier in Royaux zone.
18:33 of 1st period - Minor Penalty to Jeffrey Foss for Holding Stick.
18:34 of 1st period - Martin Hanzal wins face-off versus Dylan Larkin in Wolfes zone.
18:43 of 1st period - Penalty to Benn Ferriero is over, Benn Ferriero is back on ice.
18:43 of 1st period - Slapshot by Dylan Larkin.
18:43 of 1st period - Shot Misses the Net.
18:55 of 1st period - Wrist shot by Benn Ferriero.
18:55 of 1st period - Stopped by Olivier Roy with a rebound.
18:57 of 1st period - Wrist shot by Martin Hanzal.
18:57 of 1st period - Stopped by Olivier Roy without a rebound.
18:58 of 1st period - Dylan Larkin wins face-off versus Alexandre Grenier in Royaux zone.
19:17 of 1st period - Tye McGinn is hit by Anton Lindholm.
19:31 of 1st period - Penalty to Ben Hanowski is over, Ben Hanowski is back on ice.
19:45 of 1st period - Snap shot by Riley Armstrong.
19:45 of 1st period - Shot Misses the Net.
Goals for this period are 0 for Royaux vs 0 for Wolfes.
Shots for this period are 9 for Royaux vs 11 for Wolfes.
2nd period
0:01 of 2nd period - Dylan Larkin wins face-off versus Sebastian Aho in neutral zone.
0:33 of 2nd period - Penalty to Jeffrey Foss is over, Jeffrey Foss is back on ice.
0:38 of 2nd period - Off-side.
0:39 of 2nd period - Rourke Chartier wins face-off versus Martin Hanzal in neutral zone.
0:44 of 2nd period - Snap shot by Rourke Chartier.
0:44 of 2nd period - Stopped by Ebbe Siönäs with a rebound.
0:46 of 2nd period - Slapshot by Rourke Chartier.
0:46 of 2nd period - Shot Misses the Net.
1:00 of 2nd period - Minor Penalty to Martin Hanzal for Interference.
1:01 of 2nd period - Dylan Larkin wins face-off versus Sebastian Aho in Wolfes zone.
1:26 of 2nd period - Lawson Crouse is hit by Kasperi Kapanen and loses puck.
2:03 of 2nd period - Jamie Oleksiak is hit by Tye McGinn and loses puck.
3:00 of 2nd period - Penalty to Martin Hanzal is over, Martin Hanzal is back on ice.
3:18 of 2nd period - Simon Despres is hit by Martin Hanzal and loses puck.
3:31 of 2nd period - Snap shot by Martin Hanzal.
3:31 of 2nd period - Shot Blocked by Sonny Milano.
3:33 of 2nd period - Slapshot by Kyle Rau.
3:33 of 2nd period - Stopped by Olivier Roy without a rebound.
3:34 of 2nd period - Tye McGinn wins face-off versus Matthew Highmore in Royaux zone.
3:39 of 2nd period - Slapshot by Phil Oreskovic.
3:39 of 2nd period - Stopped by Ebbe Siönäs without a rebound.
3:40 of 2nd period - Riley Armstrong wins face-off versus Martin Hanzal in Wolfes zone.
3:45 of 2nd period - Slapshot by Riley Armstrong.
3:45 of 2nd period - Shot Blocked by Alexandre Grenier.
3:47 of 2nd period - Minor Penalty to Joe Morrow for Interference.
3:48 of 2nd period - Dylan Larkin wins face-off versus Sebastian Aho in Wolfes zone.
4:25 of 2nd period - Wrist shot by Dylan Larkin.
4:25 of 2nd period - Shot Misses the Net.
4:33 of 2nd period - Snap shot by Dylan Larkin.
4:33 of 2nd period - Shot Misses the Net.
4:35 of 2nd period - Slapshot by Jordie Benn.
4:35 of 2nd period - Deflect By Ben Hanowski.
4:35 of 2nd period - Shot Misses the Net.
4:35 of 2nd period - Puck is out of play.
4:36 of 2nd period - Riley Armstrong wins face-off versus Sebastian Aho in Wolfes zone.
5:33 of 2nd period - Minor Penalty to Sebastian Aho for Hooking.
5:34 of 2nd period - Martin Hanzal wins face-off versus Dylan Larkin in Wolfes zone.
5:47 of 2nd period - Penalty to Joe Morrow is over, Joe Morrow is back on ice.
6:08 of 2nd period - Martin Hanzal is hit by Tye McGinn and loses puck.
7:23 of 2nd period - Slapshot by Rourke Chartier.
7:23 of 2nd period - Stopped by Ebbe Siönäs with a rebound.
7:25 of 2nd period - Wrist shot by Rourke Chartier.
7:25 of 2nd period - Shot Misses the Net.
7:33 of 2nd period - Penalty to Sebastian Aho is over, Sebastian Aho is back on ice.
7:37 of 2nd period - Damon Severson is hit by Mathieu Joseph and loses puck.
8:00 of 2nd period - Wrist shot by Blake Pietila.
8:00 of 2nd period - Stopped by Olivier Roy with a rebound.
8:18 of 2nd period - Wrist shot by Victor Olofsson.
8:18 of 2nd period - Deflect By Matthew Highmore.
8:18 of 2nd period - Stopped by Olivier Roy without a rebound.
8:19 of 2nd period - Victor Olofsson wins face-off versus Vladislav Namestnikov in Royaux zone.
8:20 of 2nd period - Backhand shot by Jamie Oleksiak.
8:20 of 2nd period - Stopped by Olivier Roy with a rebound.
8:22 of 2nd period - Slapshot by Jamie Oleksiak.
8:22 of 2nd period - Stopped by Olivier Roy with a rebound.
8:28 of 2nd period - Snap shot by Victor Olofsson.
8:28 of 2nd period - Stopped by Olivier Roy with a rebound.
8:30 of 2nd period - Wrist shot by Matthew Highmore.
8:30 of 2nd period - Deflect By Fredrik Olofsson.
8:30 of 2nd period - Stopped by Olivier Roy without a rebound.
8:31 of 2nd period - Sebastian Aho wins face-off versus Dylan Larkin in Royaux zone.
8:32 of 2nd period - Snap shot by Blake Pietila.
8:32 of 2nd period - Shot Misses the Net.
8:56 of 2nd period - Jordie Benn is hit by Lawson Crouse and loses puck.
9:03 of 2nd period - Slapshot by Simon Despres.
9:03 of 2nd period - Shot Blocked by Alexandre Grenier.
9:05 of 2nd period - Snap shot by Kasperi Kapanen.
9:05 of 2nd period - Goal by Kasperi Kapanen - Royaux : 1 - Wolfes : 0.
9:06 of 2nd period - Sebastian Aho wins face-off versus Dylan Larkin in neutral zone.
9:06 of 2nd period - Blake Pietila is hit by Dylan Larkin and loses puck.
9:17 of 2nd period - Wrist shot by Dylan Larkin.
9:17 of 2nd period - Stopped by Ebbe Siönäs with a rebound.
9:19 of 2nd period - Slapshot by Phil Oreskovic.
9:19 of 2nd period - Shot Blocked by Max Friberg.
9:53 of 2nd period - Alexandre Grenier is hit by Riley Armstrong.
10:03 of 2nd period - Kasperi Kapanen is hit by Lawson Crouse.
10:12 of 2nd period - Minor Penalty to Jordie Benn for Hooking.
10:13 of 2nd period - Riley Armstrong wins face-off versus Alexandre Grenier in Royaux zone.
10:39 of 2nd period - Simon Despres is hit by Joe Morrow and loses puck.
10:46 of 2nd period - Snap shot by Max Friberg.
10:46 of 2nd period - Deflect By Sebastian Aho.
10:46 of 2nd period - Shot Misses the Net.
10:46 of 2nd period - Puck is out of play.
10:47 of 2nd period - Brendan Woods wins face-off versus Sebastian Aho in Royaux zone.
11:11 of 2nd period - Marcus Pettersson is hit by Lawson Crouse and loses puck.
12:12 of 2nd period - Penalty to Jordie Benn is over, Jordie Benn is back on ice.
12:22 of 2nd period - Backhand shot by Sonny Milano.
12:22 of 2nd period - Shot Misses the Net.
12:44 of 2nd period - Slapshot by Kyle Rau.
12:44 of 2nd period - Shot Misses the Net.
12:46 of 2nd period - Slapshot by Jeffrey Foss.
12:46 of 2nd period - Shot Blocked by Jordie Benn.
12:48 of 2nd period - Wrist shot by Jakub Zboril.
12:48 of 2nd period - Shot Misses the Net.
13:26 of 2nd period - Travis Sanheim is hit by Max Friberg and loses puck.
13:53 of 2nd period - Kyle Rau is hit by Ben Hanowski and loses puck.
13:58 of 2nd period - Wrist shot by Dylan Larkin.
13:58 of 2nd period - Goal by Dylan Larkin - Royaux : 2 - Wolfes : 0.
13:59 of 2nd period - Dylan Larkin wins face-off versus Sebastian Aho in neutral zone.
14:02 of 2nd period - Snap shot by Phil Oreskovic.
14:02 of 2nd period - Shot Misses the Net.
14:30 of 2nd period - Off-side.
14:31 of 2nd period - Sebastian Aho wins face-off versus Riley Armstrong in neutral zone.
14:56 of 2nd period - Jamie Oleksiak is hit by Dylan Larkin.
15:14 of 2nd period - Off-side.
15:15 of 2nd period - Rourke Chartier wins face-off versus Lawson Crouse in neutral zone.
15:20 of 2nd period - Wrist shot by Sonny Milano.
15:20 of 2nd period - Shot Misses the Net.
15:30 of 2nd period - Snap shot by Danny Kristo.
15:30 of 2nd period - Shot Blocked by Lawson Crouse.
15:42 of 2nd period - Wrist shot by Dylan Larkin.
15:42 of 2nd period - Stopped by Ebbe Siönäs without a rebound.
15:43 of 2nd period - Dylan Larkin wins face-off versus Sebastian Aho in Wolfes zone.
16:25 of 2nd period - Snap shot by Dylan Larkin.
16:25 of 2nd period - Goal by Dylan Larkin - Royaux : 3 - Wolfes : 0.
16:26 of 2nd period - Kyle Rau wins face-off versus Riley Armstrong in neutral zone.
16:31 of 2nd period - Snap shot by Kyle Rau.
16:31 of 2nd period - Shot Misses the Net.
17:32 of 2nd period - Anton Lindholm is hit by Simon Despres and loses puck.
17:37 of 2nd period - Wrist shot by Brendan Woods.
17:37 of 2nd period - Shot Misses the Net.
17:43 of 2nd period - Slapshot by Brendan Woods.
17:43 of 2nd period - Shot Blocked by Anton Lindholm.
18:15 of 2nd period - Wrist shot by Alexandre Grenier.
18:15 of 2nd period - Shot Misses the Net.
18:17 of 2nd period - Slapshot by Lawson Crouse.
18:17 of 2nd period - Goal by Lawson Crouse - Royaux : 3 - Wolfes : 1.
18:18 of 2nd period - Sebastian Aho wins face-off versus Dylan Larkin in neutral zone.
18:31 of 2nd period - Snap shot by Tye McGinn.
18:31 of 2nd period - Deflect By Ben Hanowski.
18:31 of 2nd period - Stopped by Ebbe Siönäs with a rebound.
18:33 of 2nd period - Slapshot by Simon Despres.
18:33 of 2nd period - Stopped by Ebbe Siönäs with a rebound.
18:43 of 2nd period - Simon Despres is hit by Joe Morrow and loses puck.
19:08 of 2nd period - Simon Despres is hit by Anton Lindholm and loses puck.
19:19 of 2nd period - Snap shot by Marcus Pettersson.
19:19 of 2nd period - Deflect By Brandon Pirri.
19:19 of 2nd period - Shot Hit the Post.
19:19 of 2nd period - Puck is out of play.
19:20 of 2nd period - Dylan Larkin wins face-off versus Sebastian Aho in Wolfes zone.
19:25 of 2nd period - Snap shot by Dylan Larkin.
19:25 of 2nd period - Stopped by Ebbe Siönäs with a rebound.
19:27 of 2nd period - Wrist shot by Ben Hanowski.
19:27 of 2nd period - Shot Misses the Net.
19:29 of 2nd period - Snap shot by Dylan Larkin.
19:29 of 2nd period - Stopped by Ebbe Siönäs with a rebound.
19:31 of 2nd period - Wrist shot by Ben Hanowski.
19:31 of 2nd period - Stopped by Ebbe Siönäs with a rebound.
19:33 of 2nd period - Wrist shot by Dylan Larkin.
19:33 of 2nd period - Stopped by Ebbe Siönäs with a rebound.
19:35 of 2nd period - Slapshot by Jordie Benn.
19:35 of 2nd period - Shot Misses the Net.
19:45 of 2nd period - Jordie Benn is hit by Lawson Crouse and loses puck.
19:58 of 2nd period - Wrist shot by Alexandre Grenier.
19:58 of 2nd period - Stopped by Olivier Roy without a rebound.
19:59 of 2nd period - Eric Robinson wins face-off versus Dylan Larkin in Royaux zone.
Goals for this period are 3 for Royaux vs 1 for Wolfes.
Shots for this period are 14 for Royaux vs 9 for Wolfes.
3rd period
0:01 of 3rd period - Dylan Larkin wins face-off versus Sebastian Aho in neutral zone.
0:27 of 3rd period - Phil Oreskovic is hit by Kyle Rau and loses puck.
0:53 of 3rd period - Wrist shot by Brendan Woods.
0:53 of 3rd period - Shot Blocked by Jamie Oleksiak.
1:14 of 3rd period - Slapshot by Jeffrey Foss.
1:14 of 3rd period - Shot Misses the Net.
1:40 of 3rd period - Slapshot by Tye McGinn.
1:40 of 3rd period - Goal by Tye McGinn - Royaux : 4 - Wolfes : 1.
1:41 of 3rd period - Sebastian Aho wins face-off versus Riley Armstrong in neutral zone.
1:44 of 3rd period - Snap shot by Jamie Oleksiak.
1:44 of 3rd period - Shot Blocked by Simon Despres.
1:52 of 3rd period - Backhand shot by Riley Armstrong.
1:52 of 3rd period - Stopped by Ebbe Siönäs with a rebound.
1:54 of 3rd period - Slapshot by Simon Despres.
1:54 of 3rd period - Deflect By Brandon Pirri.
1:54 of 3rd period - Stopped by Ebbe Siönäs without a rebound.
1:55 of 3rd period - Martin Hanzal wins face-off versus Tye McGinn in Wolfes zone.
2:10 of 3rd period - Snap shot by Dylan Larkin.
2:10 of 3rd period - Stopped by Ebbe Siönäs with a rebound.
2:22 of 3rd period - Brandon Pirri is hit by Anton Lindholm and loses puck.
2:27 of 3rd period - Wrist shot by Sebastian Aho.
2:27 of 3rd period - Shot Misses the Net.
2:29 of 3rd period - Slapshot by Jamie Oleksiak.
2:29 of 3rd period - Shot Misses the Net.
2:31 of 3rd period - Slapshot by Jamie Oleksiak.
2:31 of 3rd period - Stopped by Olivier Roy with a rebound.
2:45 of 3rd period - Slapshot by Joe Morrow.
2:45 of 3rd period - Deflect By Rourke Chartier.
2:45 of 3rd period - Stopped by Olivier Roy with a rebound.
3:11 of 3rd period - Slapshot by Tye McGinn.
3:11 of 3rd period - Stopped by Ebbe Siönäs without a rebound.
3:12 of 3rd period - Martin Hanzal wins face-off versus Dylan Larkin in Wolfes zone.
3:46 of 3rd period - Slapshot by Sebastian Aho.
3:46 of 3rd period - Deflect By Max Friberg.
3:46 of 3rd period - Shot Blocked by Simon Despres.
3:46 of 3rd period - Puck is out of play.
3:47 of 3rd period - Kyle Rau wins face-off versus Riley Armstrong in Royaux zone.
4:13 of 3rd period - Joe Morrow is hit by Kasperi Kapanen and loses puck.
4:30 of 3rd period - Slapshot by Kyle Rau.
4:30 of 3rd period - Shot Misses the Net.
4:32 of 3rd period - Slapshot by Jamie Oleksiak.
4:32 of 3rd period - Shot Blocked by Ian McCoshen.
4:34 of 3rd period - Snap shot by Eric Robinson.
4:34 of 3rd period - Shot Misses the Net.
4:36 of 3rd period - Slapshot by Eric Robinson.
4:36 of 3rd period - Stopped by Olivier Roy without a rebound.
4:37 of 3rd period - Dylan Larkin wins face-off versus Sebastian Aho in Royaux zone.
5:06 of 3rd period - Snap shot by Brendan Woods.
5:06 of 3rd period - Goal by Brendan Woods - Royaux : 5 - Wolfes : 1.
5:07 of 3rd period - Martin Hanzal wins face-off versus Tye McGinn in neutral zone.
5:42 of 3rd period - Off-side.
5:43 of 3rd period - Kyle Rau wins face-off versus Ben Hanowski in neutral zone.
5:54 of 3rd period - Snap shot by Dylan Larkin.
5:54 of 3rd period - Stopped by Ebbe Siönäs without a rebound.
5:55 of 3rd period - Dylan Larkin wins face-off versus Martin Hanzal in Wolfes zone.
5:56 of 3rd period - Wrist shot by Tye McGinn.
5:56 of 3rd period - Shot Misses the Net.
6:00 of 3rd period - Wrist shot by Dylan Larkin.
6:00 of 3rd period - Shot Misses the Net.
6:04 of 3rd period - Snap shot by Dylan Larkin.
6:04 of 3rd period - Stopped by Ebbe Siönäs with a rebound.
6:06 of 3rd period - Snap shot by Tye McGinn.
6:06 of 3rd period - Stopped by Ebbe Siönäs with a rebound.
6:16 of 3rd period - Minor Penalty to Alexandre Grenier for Hooking.
6:17 of 3rd period - Dylan Larkin wins face-off versus Sebastian Aho in Wolfes zone.
6:37 of 3rd period - Benn Ferriero is hit by Jordie Benn and loses puck.
6:56 of 3rd period - Snap shot by Kasperi Kapanen.
6:56 of 3rd period - Stopped by Ebbe Siönäs with a rebound.
6:58 of 3rd period - Wrist shot by Brandon Pirri.
6:58 of 3rd period - Shot Blocked by Anton Lindholm.
7:42 of 3rd period - Lawson Crouse is hit by Riley Armstrong and loses puck.
8:02 of 3rd period - Icing by Tye McGinn.
8:03 of 3rd period - Dylan Larkin wins face-off versus Sebastian Aho in Royaux zone.
8:16 of 3rd period - Penalty to Alexandre Grenier is over, Alexandre Grenier is back on ice.
8:19 of 3rd period - Off-side.
8:20 of 3rd period - Victor Olofsson wins face-off versus Rourke Chartier in neutral zone.
8:51 of 3rd period - Snap shot by Phil Oreskovic.
8:51 of 3rd period - Shot Misses the Net.
8:57 of 3rd period - Slapshot by Joe Morrow.
8:57 of 3rd period - Stopped by Olivier Roy with a rebound.
9:09 of 3rd period - Tye McGinn is hit by Damon Severson and loses puck.
9:16 of 3rd period - Wrist shot by Benn Ferriero.
9:16 of 3rd period - Shot Misses the Net.
9:28 of 3rd period - Phil Oreskovic is hit by Sebastian Aho and loses puck.
11:20 of 3rd period - Snap shot by Dylan Larkin.
11:20 of 3rd period - Stopped by Ebbe Siönäs with a rebound.
11:34 of 3rd period - Slapshot by Martin Hanzal.
11:34 of 3rd period - Stopped by Olivier Roy without a rebound.
11:35 of 3rd period - Martin Hanzal wins face-off versus Riley Armstrong in Royaux zone.
12:13 of 3rd period - Kyle Rau is hit by Brandon Pirri and loses puck.
12:58 of 3rd period - Snap shot by Alexandre Grenier.
12:58 of 3rd period - Shot Misses the Net.
13:37 of 3rd period - Anton Lindholm is hit by Ben Hanowski and loses puck.
14:04 of 3rd period - Brandon Pirri is hit by Lawson Crouse and loses puck.
14:35 of 3rd period - Slapshot by Jamie Oleksiak.
14:35 of 3rd period - Deflect By Benn Ferriero.
14:35 of 3rd period - Shot Blocked by Ian McCoshen.
14:35 of 3rd period - Puck is out of play.
14:36 of 3rd period - Kyle Rau wins face-off versus Rourke Chartier in Royaux zone.
14:39 of 3rd period - Wrist shot by Kyle Rau.
14:39 of 3rd period - Deflect By Benn Ferriero.
14:39 of 3rd period - Stopped by Olivier Roy without a rebound.
14:40 of 3rd period - Kyle Rau wins face-off versus Riley Armstrong in Royaux zone.
14:51 of 3rd period - Slapshot by Marcus Pettersson.
14:51 of 3rd period - Stopped by Ebbe Siönäs with a rebound.
14:53 of 3rd period - Snap shot by Kasperi Kapanen.
14:53 of 3rd period - Stopped by Ebbe Siönäs with a rebound.
15:46 of 3rd period - Off-side.
15:47 of 3rd period - Victor Olofsson wins face-off versus Vladislav Namestnikov in neutral zone.
16:02 of 3rd period - Wrist shot by Vladislav Namestnikov.
16:02 of 3rd period - Shot Blocked by Victor Olofsson.
16:12 of 3rd period - Sebastian Aho is hit by Riley Armstrong.
16:53 of 3rd period - Snap shot by Brendan Woods.
16:53 of 3rd period - Shot Blocked by Jeffrey Foss.
16:55 of 3rd period - Snap shot by Mathieu Joseph.
16:55 of 3rd period - Goal by Mathieu Joseph - Royaux : 6 - Wolfes : 1.
16:56 of 3rd period - Riley Armstrong wins face-off versus Max Friberg in neutral zone.
17:46 of 3rd period - Slapshot by Benn Ferriero.
17:46 of 3rd period - Stopped by Olivier Roy without a rebound.
17:47 of 3rd period - Benn Ferriero wins face-off versus Riley Armstrong in Royaux zone.
18:21 of 3rd period - Snap shot by Kyle Rau.
18:21 of 3rd period - Shot Blocked by Marcus Pettersson.
18:23 of 3rd period - Slapshot by Kyle Rau.
18:23 of 3rd period - Stopped by Olivier Roy without a rebound.
18:24 of 3rd period - Sebastian Aho wins face-off versus Dylan Larkin in Royaux zone.
18:42 of 3rd period - Icing by Simon Despres.
18:43 of 3rd period - Dylan Larkin wins face-off versus Martin Hanzal in Royaux zone.
19:02 of 3rd period - Slapshot by Tye McGinn.
19:02 of 3rd period - Deflect By Dylan Larkin.
19:02 of 3rd period - Shot Blocked by Damon Severson.
19:02 of 3rd period - Puck is out of play.
19:03 of 3rd period - Sebastian Aho wins face-off versus Riley Armstrong in Wolfes zone.
19:12 of 3rd period - Wrist shot by Blake Pietila.
19:12 of 3rd period - Shot Misses the Net.
19:14 of 3rd period - Slapshot by Blake Pietila.
19:14 of 3rd period - Stopped by Olivier Roy with a rebound.
19:28 of 3rd period - Jamie Oleksiak is hit by Danny Kristo.
19:38 of 3rd period - Wrist shot by Sonny Milano.
19:38 of 3rd period - Stopped by Ebbe Siönäs without a rebound.
19:39 of 3rd period - Sebastian Aho wins face-off versus Dylan Larkin in Wolfes zone.
Goals for this period are 3 for Royaux vs 0 for Wolfes.
Shots for this period are 15 for Royaux vs 9 for Wolfes.